 Dungeon Crawl Stone Soup version 0.30.1-11-g7821555f0a (webtiles) character file.

Game seed: 18419898627827844293

387 booth the Chopper (level 6, -3/56 HPs)
             Began as a Hill Orc Monk on Nov 27, 2023.
             Slain by a troll (10 damage)
             ... on level 5 of the Dungeon.
             The game lasted 00:24:57 (4319 turns).

booth the Chopper (Hill Orc Monk)                   Turns: 4319, Time: 00:24:58

Health: -3/56      AC:  6    Str: 16      XL:     6   Next: 78%
Magic:  6/6        EV: 12    Int: 15 (16) God:
Gold:   272        SH:  0    Dex: 17 (19) Spells: 5/5 levels left

rFire   . . .        a - +1 hand axe
rCold   . . .        (no shield)
rNeg    . . .        m - +0 leather armour {rPois}
rPois   +            (no helmet)
rElec   .            k - +0 cloak
rCorr   .            j - +0 pair of gloves
SInv    .            f - +0 pair of boots
Will    .....        v - amulet of magic regeneration Stlth
                     B - +6 ring of intelligence
HPRegen 0.29/turn    C - +6 ring of dexterity
MPRegen 0.50/turn

%: no passive effects
@: silenced
A: no striking features
a: no special abilities


You were on level 5 of the Dungeon.
You visited 1 branch of the dungeon, and saw 5 of its levels.

You collected 272 gold pieces.

Inventory:

Hand Weapons
 a - a +1 hand axe (weapon)
 l - a +1 heavy hand axe
 u - a +2 mace of protection
 G - the +7 whip of Daptal {antimagic, Dex+4}
   (You took it off an orc on level 5 of the Dungeon)

   Dex:       It affects your dexterity (+4).
Missiles
 w - 2 boomerangs (quivered)
 A - a throwing net
Armour
 d - an orb of light
 f - a +0 pair of boots (worn)
 h - a +0 ring mail
 j - a +0 pair of gloves (worn)
 k - a +0 cloak (worn)
 m - a +0 leather armour of poison resistance (worn)
Jewellery
 v - an amulet of magic regeneration (around neck)
 B - a +6 ring of intelligence (left hand)
 C - a +6 ring of dexterity (right hand)
Wands
 n - a wand of acid (5)
 z - a wand of mindburst (19)
Scrolls
 o - 2 scrolls of fog
 q - a scroll of vulnerability {unknown}
 r - a scroll of brand weapon {unknown}
 t - a scroll of silence
 y - a scroll of noise {unknown}
 D - a scroll of identify
Potions
 b - 2 potions of magic
 c - a potion of ambrosia
 e - a potion of brilliance
 g - a potion of heal wounds {unknown}
 i - a potion of might {unknown}
 s - a potion of lignification {unknown}
 x - a potion of invisibility {unknown}
 E - 2 potions of resistance {unknown}
 F - a potion of flight {unknown}
 H - a potion of mutation {unknown}


   Skills:
 + Level 5.4 Fighting
 * Level 7.4 Axes
 + Level 3.2 Armour
 - Level 2.5 Dodging


You had 5 spell levels left.
You didn't know any spells.
Your spell library contained the following spells:

 Spells                   Type           Power      Damage    Failure   Level
 Apportation              Tloc           0%         N/A       32%         1
 Magic Dart               Conj           0%         1d3       32%         1
 Call Imp                 Summ           0%         N/A       43%         2
 Mephitic Cloud           Conj/Pois/Air  0%         N/A       67%         3
 Alistair's Intoxication  Tmut/Pois      0%         N/A       100%        5


Dungeon Overview and Level Annotations

Branches:
Dungeon (5/15)
 Temple: D:4-7

Altars:
Ashenzari
Cheibriados
Dithmenos
Hepliaklqana
Kikubaaqudgha
Xom
Yredelemnul


Message History

Throw: 2 boomerangs
Press: ? - help, Q - select action, (/) - cycle Shift-Dir - straight line, f/p - troll
Aim: a troll (62% to hit)
You throw a boomerang. The boomerang closely misses the troll.
The troll bites you but does no damage. The troll claws you!
The troll closely misses you. The troll attacks as you move away!
The troll bites you. The troll misses you. The troll barely misses you.
You closely miss the troll. The troll bites you! The troll misses you.
The troll claws you!
* * * LOW HITPOINT WARNING * * *
You feel better. The troll bites you. The troll claws you.
The troll claws you but does no damage.
As you read the scroll labelled XEXAOC YGIRURPH, it crumbles to dust.
A profound silence engulfs you.
It was a scroll of silence.
The troll barely misses you. x2; The troll claws you.
* * * LOW HITPOINT WARNING * * *
You are confused.
You feel invigorated. The troll bites you.
* * * LOW HITPOINT WARNING * * *
The troll closely misses you. The troll claws you!
* * * LOW HITPOINT WARNING * * *
You're too confused to move!
The troll barely misses you. x2
The troll misses you.
You feel less invigorated.
You feel less confused. The troll attacks as you move away!
The troll misses you. The troll closely misses you. The troll claws you!
* * * LOW HITPOINT WARNING * * *
You hit the troll.
The troll is lightly wounded.
The troll barely misses you. The troll claws you.
* * * LOW HITPOINT WARNING * * *
The troll closely misses you.
You hit the troll.
The troll is lightly wounded.
The troll bites you.
* * * LOW HITPOINT WARNING * * *
The troll completely misses you. The troll claws you!
You die...

############# #.....#.....#
####.###.#.###.# ...........#
#)# .......#.#.###.#
...............# ###########
.......#.###..#### ##.........#
.......#.........####..#..####.#
.......#.###...T@.....###.# #.#
.......#.#.....#.####..#..# #.#
.........#.###.#.#####...## #.#
........# #...........#####.##
......#.# #.##.#####..........
.####.#.. ... ... ########.## #
#....#J ##.# #.## !.##. .# ..
#... ....[..# #.##


You could see a troll.

Vanquished Creatures
  An ogre (D:5)
  A hound (D:4)
  A jelly (D:4)
  An iguana (D:3)
  A sleepcap (D:4)
  2 orc wizards (D:4)
  An adder (D:2)
  3 white imps (D:5)
  A worm (D:2)
  5 dart slugs
  11 orcs
  5 bats
  9 endoplasms
  2 giant cockroaches
  2 goblins
  12 hobgoblins
  2 jackals (D:1)
  7 kobolds
  5 quokkas
  3 ball pythons
  4 frilled lizards
  8 rats
87 creatures vanquished.

Notes
Turn   | Place    | Note
-------+----------+-------------------------------------------
     0 | D:1      | booth the Hill Orc Monk began the quest for the Orb.
     0 | D:1      | Reached XP level 1. HP: 19/19 MP: 1/1
   156 | D:1      | Reached XP level 2. HP: 17/27 MP: 2/2
   654 | D:1      | Reached XP level 3. HP: 33/33 MP: 3/3
   731 | D:1      | Reached skill level 1 in Armour
   969 | D:2      | Reached skill level 5 in Axes
  1166 | D:2      | Found a snail-covered altar of Cheibriados.
  1339 | D:2      | Reached XP level 4. HP: 40/40 MP: 4/4
  2198 | D:3      | Found a broken altar of Ashenzari.
  2214 | D:3      | Found a shadowy altar of Dithmenos.
  2216 | D:3      | Found an ancient bone altar of Kikubaaqudgha.
  2518 | D:4      | Reached XP level 5. HP: 38/47 MP: 5/5
  2829 | D:4      | Reached skill level 6 in Axes
  3131 | D:4      | Reached skill level 5 in Fighting
  3131 | D:4      | Reached XP level 6. HP: 32/56 MP: 6/6
  3484 | D:4      | Found a hazy altar of Hepliaklqana.
  3485 | D:4      | Found a basalt altar of Yredelemnul.
  3776 | D:5      | Entered Level 5 of the Dungeon
  3802 | D:5      | Found a shimmering altar of Xom.
  3936 | D:5      | Reached skill level 7 in Axes
  4067 | D:5      | Identified the +7 whip of Daptal {antimagic, Dex+4}
  4300 | D:5      | Noticed a troll
  4319 | D:5      | Slain by a troll

Illustrated notes

Levels and vault maps discovered:
D:1:      dpeg_arrival_lava_temple_mockup, layout_loops_ring,
          dreamdust_wishing_well, minmay_pentomino_p2
D:2:      layout_loops_corners, basic_altar
D:3:      layout_basic, nicolae_overflow_hidden_temple, kennysheep_potato
D:4:      layout_gridville, mainiacjoe_overflow_divided_tiny
D:5:      layout_loops_ring, lemuel_doored_altar, minmay_manual_mail

Skill      XL: |  1  2  3  4  5  6 |
---------------+-------------------+-----
Fighting       | 4 5 |  5.4
Armour         | 1 2 3 |  3.2
Axes           | 5 6 7 |  7.4
Dodging        | |  2.5

Action                     |  1- 3 |  4- 6 || total
---------------------------+-------+-------++-------
  Melee: Hand axe          |   125 |   189 ||   314
  Throw: Boomerang         |       |     5 ||     5
    Use: Scroll            |     3 |     5 ||     8
         Potion            |       |     4 ||     4
 Armour: Robe              |    11 |       ||    11
         Ring mail         |    37 |     8 ||    45
         Leather armour    |       |    46 ||    46
  Dodge: Dodged            |    63 |   136 ||   199
